 Dungeon Crawl Stone Soup version 0.24-a0-291-g79c1ce7 (webtiles) character file.

Game seed: 4377673265170851076

28 galech the Skirmisher (level 3, 29/29 HPs)
             Began as a Demonspawn Fighter on May 9, 2019.
             Quit the game on level 2 of the Dungeon.
             The game lasted 00:00:45 (828 turns).

galech the Skirmisher (Demonspawn Fighter)           Turns: 828, Time: 00:00:46

Health: 29/29      AC:  6    Str: 16    XL:     3   Next: 0%
Magic:  3/3        EV:  6    Int:  9    God:
Gold:   28         SH:  8    Dex: 13    Spells: 2/2 levels left

rFire    . . .     SeeInvis .   a - +0 war axe
rCold    + . .     Gourm    .   c - +0 shield
rNeg     . . .     Faith    .   b - +0 scale mail
rPois    .         Spirit   .   (helmet restricted)
rElec    .         Reflect  .   (no cloak)
rCorr    .         Harm     .   (no gloves)
MR       .....                  (no boots)
Stlth    ..........             (no amulet)
HPRegen  0.09/turn              (no ring)
MPRegen  0.08/turn              (no ring)

@: no status effects
A: antennae 1, cold resistance 1
a: no special abilities


You were on level 2 of the Dungeon.
You were not hungry.

You visited 1 branch of the dungeon, and saw 2 of its levels.

You collected 28 gold pieces.

Inventory:

Hand Weapons
 a - a +0 war axe (weapon)
Armour
 b - a +0 scale mail (worn)
 c - a +0 shield (worn)
Jewellery
 h - a cursed -3 ring of dexterity {unknown}
Scrolls
 e - a scroll of teleportation {unknown}
 i - a scroll of identify {unknown}
Potions
 d - a potion of might
Comestibles
 f - a ration
 g - a chunk of flesh


   Skills:
 + Level 3.4 Fighting
 + Level 2.2 Axes
 + Level 2.9 Armour
 + Level 0.2 Dodging
 + Level 2.8 Shields


You had 2 spell levels left.
You didn't know any spells.
Your spell library was empty.

Dungeon Overview and Level Annotations

Branches:
Dungeon (2/15)

Altars:


Innate Abilities, Weirdness & Mutations

You have a pair of small antennae on your head.
Your flesh is cold resistant. (rC+)


Message History

You see here a jackal corpse.
You butcher the jackal corpse.
g - a chunk of flesh You see here a jackal skeleton.
You start resting.
HP restored.
A giant cockroach comes into view.
The giant cockroach barely misses you.
You hit the giant cockroach.
The giant cockroach is heavily wounded.
The giant cockroach bites you but does no damage.
You slash the giant cockroach!
You kill the giant cockroach!
You have reached level 3!
Your experience leads to an increase in your attributes!
Increase (S)trength, (I)ntelligence, or (D)exterity?
You feel agile.
Your demonic ancestry asserts itself...
You feel resistant to cold.
A giant cockroach comes into view.
Are you sure you want to abandon this character and quit the game? (Confirm with "yes".)

# .## #
#.#######
#.
#....s...
#.###@#
#...##
##.## #.#
#.# #.#
#.# #.#
#.#


You could see a giant cockroach.

Vanquished Creatures
  An ooze (D:1)
  2 bats (D:1)
  2 giant cockroaches
  2 goblins (D:1)
  3 hobgoblins (D:1)
  4 jackals (D:2)
  A frilled lizard (D:1)
  2 kobolds (D:1)
  4 rats (D:1)
21 creatures vanquished.

Vanquished Creatures (others)
  4 toadstools (D:1)
4 creatures vanquished.

Grand Total: 25 creatures vanquished

Notes
Turn   | Place    | Note
-------+----------+-------------------------------------------
     0 | D:1      | galech the Demonspawn Fighter began the quest for the Orb.
     0 | D:1      | Reached XP level 1. HP: 18/18 MP: 1/1
   187 | D:1      | Gained mutation: You have a pair of small antennae on your
                  | head. [demonic ancestry]
   187 | D:1      | Reached XP level 2. HP: 20/24 MP: 2/2
   825 | D:2      | Gained mutation: Your flesh is cold resistant. (rC+)
                  | [demonic ancestry]
   825 | D:2      | Reached XP level 3. HP: 29/29 MP: 3/3
   828 | D:2      | Quit the game

Levels and vault maps discovered:
D:1:      ldierk_water_garden, layout_basic, minmay_box_of_dots
D:2:      layout_loops_ring

Skill      XL: |  1  2 |
---------------+-------+-----
Axes           | 2 |  2.2
Fighting       | |  3.4
Armour         | |  2.9
Dodging        | |  0.2
Shields        | |  2.8

Action                   || total
-------------------------++-------
Melee: War axe           ||    77
Armor: Scale mail        ||    31
Dodge: Dodged            ||    25
Block: Shield            ||    41

Table legend:
 A = Non-vault XP
 B = Vault XP
 C = Vault XP percentage of total XP
 D = Non-vault monster count
 E = Vault monster count
 F = Vault count percentage of total count
                 A         B        C        D         E       F
            +---------+---------+-------+---------+---------+-------
      Total |      35 |       6 |  14.6 |      18 |       3 |  14.3
            +---------+---------+-------+---------+---------+-------
        D:1 |      25 |       6 |  19.4 |      13 |       3 |  18.8
        D:2 |      10 |       0 |   0.0 |       5 |       0 |   0.0
            +---------+---------+-------+---------+---------+-------
